 Dungeon Crawl Stone Soup version 0.27-a0-1502-g47ed6a6988 (webtiles) character file.

Game seed: 14730847132517628002

2 bilbop the Caller (level 1, -2/10 HPs)
             Began as a Kobold Summoner on July 8, 2021.
             Slain by a kobold (3 damage)
             ... on level 1 of the Dungeon.
             The game lasted 00:01:04 (220 turns).

bilbop the Caller (Kobold Summoner)                  Turns: 220, Time: 00:01:05

Health: -2/10      AC:  2    Str:  5    XL:     1   Next: 33%
Magic:  1/3        EV: 15    Int: 16    God:
Gold:   0          SH:  0    Dex: 15    Spells: 3/4 levels left

rFire    . . .     SeeInvis .   (weapon restricted)
rCold    . . .     Faith    .   (shield restricted)
rNeg     . . .     Spirit   .   a - +0 robe
rPois    .         Reflect  .   (no helmet)
rElec    .         Harm     .   (no cloak)
rCorr    .         Rampage  .   (no gloves)
Will     .....                  (no boots)
Stlth    +++.......             (no amulet)
HPRegen  0.03/turn              (no ring)
MPRegen  0.08/turn              (no ring)

@: no status effects
A: small, no large weapons, nightstalker 3
a: no special abilities


You were on level 1 of the Dungeon.
You visited 1 branch of the dungeon, and saw 1 of its levels.

Inventory:

Armour
 a - a +0 robe (worn)
Scrolls
 b - a scroll of teleportation {unknown}


   Skills:
 + Level 0.1 Fighting
 + Level 0.1 Short Blades
 + Level 2.4 Dodging
 + Level 2.7 Stealth
 + Level 2.2 Spellcasting
 + Level 4.0 Summonings


You had 3 spell levels left.
You knew the following spells:

 Your Spells              Type           Power      Damage    Failure   Level
a - Summon Small Mammal   Summ           56%        N/A       4%          1

Your spell library contained the following spells:

 Spells                   Type           Power      Damage    Failure   Level
 Call Imp                 Summ           14%        N/A       6%          2
 Call Canine Familiar     Summ           14%        N/A       12%         3
 Summon Guardian Golem    Hex/Summ       8%         N/A       26%         3
 Summon Lightning Spire   Summ/Air       8%         N/A       65%         4


Dungeon Overview and Level Annotations

Branches:
Dungeon (1/15)

Altars:


Innate Abilities, Weirdness & Mutations

You are small and have problems with some larger weapons.
You are completely attuned to the shadows.


Message History

Your bat hits the jackal but does no damage.
The jackal bites your bat.
Your bat dies!
Your bat's corpse disappears in a puff of smoke!
The jackal bites you but does no damage.
You closely miss the jackal.
The jackal is moderately wounded.
Your bat barely misses the jackal. x2; The kobold completely misses you.
Your bat hits the jackal but does no damage.
The jackal closely misses you.
You hit the jackal but do no damage.
The jackal is moderately wounded.
Your bat hits the jackal. The kobold completely misses you.
The jackal barely misses your bat. Something closely misses your bat.
Your bat barely misses the jackal.
You hit the jackal but do no damage.
The jackal is heavily wounded.
Your bat hits the jackal but does no damage. x2
The jackal bites your bat.
Your bat dies!
Your bat's corpse disappears in a puff of smoke!
The kobold misses you.
Your quokka bites the hobgoblin but does no damage.
You hit the jackal but do no damage. The kobold barely misses you.
The jackal bites you.
* * * LOW HITPOINT WARNING * * *
You closely miss the kobold. The jackal bites your quokka.
The jackal closely misses you. The kobold closely misses you.
Something hits your quokka.
Your quokka bites the jackal.
The jackal dies!
The jackal bites you but does no damage.
You hit the kobold but do no damage.
Your quokka bites the jackal.
The kobold closely misses you. Something hits your quokka.
Your quokka dies!
Your quokka's corpse disappears in a puff of smoke!
The jackal barely misses you.
You hit the jackal.
The jackal is moderately wounded.
The kobold hits you with a +2 antimagic dagger.
You die...

.... .... ######## ....
#..# ...K@h†#####.... #..#
######§##....... #..#
#............ ###..#
#.#.##....... #....# ####
##.#.#####...#
#.#..##..................#
#.##.#...#.#####.#####
#.##.......# #.#
#.##.......# #.#


You could see a jackal and a kobold.

Vanquished Creatures (collateral kills)
  A jackal (D:1)
  A frilled lizard (D:1)
  A rat (D:1)
3 creatures vanquished.

Notes
Turn   | Place    | Note
-------+----------+-------------------------------------------
     0 | D:1      | bilbop the Kobold Summoner began the quest for the Orb.
     0 | D:1      | Reached XP level 1. HP: 10/10 MP: 3/3
     4 | D:1      | Noticed an electric eel
     7 | D:1      | Noticed an electric eel
   220 | D:1      | Slain by a kobold

Illustrated notes

Levels and vault maps discovered:
D:1:      arrival_aquarium_b, layout_loops_ring,
          shapermc_ecumenical_altar_acropolis

Action                   || total
-------------------------++-------
Melee: Unarmed           ||    10
 Cast: Summon Small Mamm ||     9
Armor: Robe              ||     3
Dodge: Dodged            ||    13

Table legend: (Time is in decaauts)
 A = Elapsed time spent in this place.
 B = Non-inter-level travel time spent in this place.
 C = Inter-level travel time spent in this place.
 D = Time resting spent in this place.
 E = Time spent auto-exploring this place.
 F = Levels seen in this place.
 G = Mean time per level.
                   A        B        C        D        E       F      G
               +--------+--------+--------+--------+--------+-----+--------+
         Total |    220 |    220 |      0 |      0 |    182 |   1 |  220.0 |
       Dungeon |    220 |    220 |      0 |      0 |    182 |   1 |  220.0 |
               +--------+--------+--------+--------+--------+-----+--------+

Top non-repeatable levels by time:
     D:1: 220 daAuts
